 Dungeon Crawl Stone Soup version bcrawl-1.21.3 (webtiles) character file.

Game seed: 15493622676179545988

14 MisterOstroum the Insei (level 2, 0/22 HPs)
             Began as a Demonspawn Transmuter on Mar 25, 2020.
             Slain by a leopard gecko (2 damage)
             ... on level 1 of the Dungeon.
             The game lasted 00:01:49 (822 turns).

MisterOstroum the Insei (Demonspawn Transmuter)      Turns: 822, Time: 00:01:50

Health: 0/22       AC:  4    Str: 10    XL:     2   Next: 27%
Magic:  3/5        EV: 12    Int: 14    God:
Gold:   26         SH:  0    Dex: 13    Spells: 2/5 levels left

rFire    . . .     SeeInvis .     - Unarmed
rCold    . . .     Gourm    .   (no shield)
rNeg     . . .     Faith    .   b - +0 robe
rPois    .         Spirit   .   (no helmet)
rElec    .         Reflect  .   (no cloak)
rCorr    .         Harm     .   (no gloves)
MR       .....                  (no boots)
Stlth    +.........             (no amulet)
HPRegen  0.07/turn              (no ring)
MPRegen  0.09/turn              (no ring)

@: appendage (expiring)
A: horns 2, iridescent scales 1
a: End Transformation


You were on level 1 of the Dungeon.
You were not hungry.
You had grown temporary horns.
You visited 1 branch of the dungeon, and saw 1 of its levels.

You collected 26 gold pieces.

Inventory:

Missiles
 a - 204 arrows
 h - 94 stones (quivered)
Armour
 b - a +0 robe (worn)
Scrolls
 c - a scroll of immolation {unknown}
 g - a scroll of enchant armour {unknown}
 i - a scroll of teleportation {unknown}
Potions
 d - a potion of lignification {@q6}
 f - a potion of curing {unknown}
Comestibles
 e - a ration {!d}
 j - a chunk of flesh


   Skills:
 + Level 2.0 Fighting
 - Level 1.7 Dodging
 * Level 3.0 Unarmed Combat
 - Level 2.0 Spellcasting
 + Level 1.7 Transmutations


You had 2 spell levels left.
You knew the following spells:

 Your Spells              Type           Power        Failure   Level  Hunger
a - Beastly Appendage     Tmut           #.....       12%         1    ##.....
b - Sticks to Snakes      Tmut           #.......     17%         2    ###....

Your spell library contained the following spells:

 Spells                   Type           Power        Failure   Level  Hunger
 Spider Form              Tmut/Pois      #..          45%         3    ####...
 Ice Form                 Ice/Tmut       #.......     86%         4    #####..
 Blade Hands              Tmut           #.........   97%         5    ######.


Dungeon Overview and Level Annotations

Branches:
Dungeon (1/12)

Altars:


Innate Abilities, Weirdness & Mutations

You are partially covered in iridescent scales. (AC +2)
You have a pair of horns on your head.


Message History

The leopard gecko closely misses you.
You hit the hobgoblin but do no damage.
The hobgoblin is severely wounded.
The rat bites you but does no damage.
The leopard gecko hisses menacingly.
The leopard gecko bites you but does no damage.
The hobgoblin completely misses you.
You hit the hobgoblin but do no damage.
The hobgoblin is severely wounded.
Your talons disappear.
The leopard gecko bites you but does no damage.
The rat barely misses you.
The hobgoblin hits you but does no damage.
You hit the hobgoblin but do no damage.
The hobgoblin is severely wounded.
The leopard gecko closely misses you. The rat bites you.
The hobgoblin misses you.
You hit the hobgoblin.
The hobgoblin is almost dead.
The leopard gecko bites you but does no damage.
The rat barely misses you.
The leopard gecko bites you but does no damage.
The hobgoblin barely misses you.
You completely miss the hobgoblin.
The hobgoblin is almost dead.
The rat barely misses you. The leopard gecko misses you.
You hit the hobgoblin but do no damage. Your punch misses the hobgoblin.
The hobgoblin is almost dead.
The hobgoblin hits you with a +0 club. The rat closely misses you.
The leopard gecko bites you.
You are too injured to fight recklessly!
You are too injured to fight recklessly!
You are too injured to fight recklessly!
You are too injured to fight recklessly!
You are too injured to fight recklessly!
You are too injured to fight recklessly!
You are too injured to fight recklessly!
You are too injured to fight recklessly!
You are too injured to fight recklessly!
You are too injured to fight recklessly!
You are too injured to fight recklessly!
The leopard gecko misses you.
You miss the leopard gecko.
The leopard gecko bites you but does no damage.
You hit the leopard gecko.
The leopard gecko is heavily wounded.
The leopard gecko barely misses you.
You barely miss the leopard gecko.
The leopard gecko is heavily wounded.
The leopard gecko misses you.
You closely miss the leopard gecko.
The leopard gecko is heavily wounded.
The leopard gecko bites you.
You closely miss the leopard gecko.
The leopard gecko is heavily wounded.
The leopard gecko bites you but does no damage.
The leopard gecko barely misses you.
You closely miss the leopard gecko.
The leopard gecko is heavily wounded.
The leopard gecko barely misses you.
Casting: Beastly Appendage (safe; 12% risk of failure)
Confirm with . or Enter, or press ? or * to list all spells.
You create a snake!
You now have arrows for 20 snakes.
The leopard gecko barely misses you.
Casting: Sticks to Snakes (safe; 17% risk of failure)
Confirm with . or Enter, or press ? or * to list all spells.
You grow a pair of large bovine horns.
The leopard gecko closely misses you. The hobgoblin hits you with a +0 club.
You hit the leopard gecko.
The leopard gecko is almost dead.
The leopard gecko barely misses you. The leopard gecko bites you.
* * * LOW HITPOINT WARNING * * *
The hobgoblin closely misses you.
You closely miss the hobgoblin.
The hobgoblin is heavily wounded.
Your ball python barely misses the leopard gecko.
Your ball python closely misses the leopard gecko.
The leopard gecko misses you.
Unknown command.
Your ball python misses the leopard gecko.
Your ball python closely misses the leopard gecko.
The leopard gecko barely misses your ball python.
The hobgoblin hits your ball python with a +0 club.
Your ball python dies!
You hit the leopard gecko but do no damage.
The leopard gecko is almost dead.
The leopard gecko barely misses you.
A kobold comes into view. It is wielding a +0 whip.
The kobold shouts!
The kobold throws a stone.
The stone closely misses you.
The kobold throws a stone.
The stone closely misses you.
The stone closely misses the leopard gecko.
The stone hits the hobgoblin but does no damage.
The kobold throws a stone.
The stone hits you but does no damage. The leopard gecko bites you.
* * * LOW HITPOINT WARNING * * *
A kobold comes into view. It is wielding a +0 dagger.
Your transformation is almost over.
The leopard gecko bites you.
You die...

#.........##.#.## #.## .
......##........###..# ...
....#.##.###.........#.....
..#.#..........####........
....###..##.#..####......!.
..... .. #...r...#...>....
..... .#####.####........
##gl...........
#...@.......###
##.##.##....# #.# .# ....#
#K# .. #.. K.. #.# #.#. #.#
.... #. .. ..


You could see a leopard gecko, a hobgoblin, a kobold (wandering) and a rat.

Vanquished Creatures
  A giant cockroach (D:1)
  A goblin (D:1)
  2 hobgoblins (D:1)
  A quokka (D:1)
  2 bats (D:1)
  A frilled lizard (D:1)
  4 kobolds (D:1)
  3 rats (D:1)
15 creatures vanquished.

Notes
Turn   | Place    | Note
-------+----------+-------------------------------------------
     0 | D:1      | MisterOstroum the Demonspawn Transmuter began the quest for
                  | the Orb.
     0 | D:1      | Reached XP level 1. HP: 15/15 MP: 3/3
   501 | D:1      | Gained mutation: You are partially covered in iridescent
                  | scales. (AC +2) [demonic ancestry]
   501 | D:1      | Reached XP level 2. HP: 20/22 MP: 5/5
   518 | D:1      | Learned a level 2 spell: Sticks to Snakes
   759 | D:1      | Reached skill level 3 in Unarmed Combat
   822 | D:1      | Slain by a leopard gecko

Skill      XL: |  1  2 |
---------------+-------+-----
Fighting       | 2 |  2.0
Unarmed Combat | 3 |  3.0
Dodging        | |  1.7
Spellcasting   | |  2.0
Transmutations | |  1.7

Action                   || total
-------------------------++-------
Melee: Unarmed           ||    78
       Headbutt          ||     3
       Kick              ||     2
 Cast: Beastly Appendage ||    11
       Sticks to Snakes  ||     1
Armor: Robe              ||    27
Dodge: Dodged            ||    71
